 Dungeon Crawl Stone Soup version 0.32-a0-571-gec57dfcd37 (webtiles) character file.

Game seed: 8349562496953345053

17 BeKind the Chiller (level 2, -2/18 HPs)
             Began as an Octopode Ice Elementalist on Mar 1, 2024.
             Slain by a gnoll
             ... wielding a +0 halberd
              (11 damage)
             ... on level 2 of the Dungeon.
             The game lasted 00:02:00 (1007 turns).

BeKind the Chiller (Octopode Ice Elementalist)      Turns: 1007, Time: 00:02:01

Health: -2/18      AC:  1    Str:  7    XL:     2   Next: 62%
Magic:  5/5        EV: 13    Int: 17    God:
Gold:   66         SH:  0    Dex: 12    Spells: 4/5 levels left

rFire   . . .        g - +1 short sword (venom)
rCold   . . .        (no shield)
rNeg    . . .        (helmet restricted)
rPois   .            (no amulet)
rElec   .            (no ring)
rCorr   .            (no ring)
SInv    .            (no ring)
Will    .....        (no ring)
Stlth   +++          (no ring)
HPRegen 0.23/turn    (no ring)
MPRegen 0.09/turn    (no ring)
                     (no ring)

%: no passive effects
@: no status effects
A: almost no armour, amphibious, 8 rings, camouflage 1, gelatinous body 1,
(nimble swimmer 1), tentacles
a: no special abilities


You were on level 2 of the Dungeon.
You visited 1 branch of the dungeon, and saw 2 of its levels.

You collected 66 gold pieces.

Inventory:

Hand Weapons
 g - a +1 short sword of venom (weapon)
 h - a +3 short sword
Scrolls
 b - a scroll of blinking {unknown}
 c - 2 scrolls of brand weapon {unknown}
 d - a scroll of immolation {unknown}
 e - a scroll of amnesia {unknown}
 f - 3 scrolls of identify {unknown}
 i - a scroll of vulnerability {unknown}
Potions
 a - a potion of magic


   Skills:
 + Level 0.3 Fighting
 + Level 2.3 Dodging
 - Level 3.0 Stealth
 + Level 2.2 Spellcasting
 + Level 4.1 Ice Magic


You had 4 spell levels left.
You knew the following spells:

 Your Spells              Type           Power      Damage    Failure   Level
a - Freeze                Ice            64%        1d7       3%          1

Your spell library contained the following spells:

 Spells                   Type           Power      Damage    Failure   Level
 Frozen Ramparts          Ice            32%        1d5       10%         3
 Ozocubu's Armour         Ice            16%        N/A       10%         3
 Summon Ice Beast         Ice/Summ       9%         N/A       24%         3
 Teleport Other           Tloc           1%         N/A       50%         3
 Manifold Assault         Tloc           1%         N/A       88%         4
 Fire Storm               Conj/Fire      0%         6d1       100%        9


Dungeon Overview and Level Annotations

Branches:
Dungeon (2/15)

Altars:


Innate Abilities, Weirdness & Mutations

You cannot wear most types of armour.
You are amphibious.
You can wear up to eight rings at the same time.
Your skin changes colour to match your surroundings (Stealth+).
Your rubbery body absorbs attacks. (AC +1, EV +1)
((You are camouflaged when in or above water. (Stealth+)))
You have tentacles for arms and can constrict up to eight enemies at once.


Message History

No target in view!
No target in view!
No target in view!
Found a stone staircase leading down.
An adder comes into view.
A gnoll comes into view. It is wielding a +0 halberd.
The gnoll shouts!
A gnoll comes into view. It is wielding a +0 flail.
A gnoll comes into view. It is wielding a +0 spear.
A gnoll comes into view. It is wielding a +0 flail.
The gnoll misses you.
The gnoll shouts! x2
You hit the gnoll. You grab the gnoll.
The gnoll is lightly wounded.
You constrict the gnoll. The gnoll barely misses you.
You hit the gnoll.
The gnoll is poisoned.
The gnoll is heavily wounded.
You constrict the gnoll.
The gnoll hits you from afar with a +0 spear!
Ouch! That really hurt!
The gnoll struggles to escape constriction.
You are too injured to fight recklessly!
You are too injured to fight recklessly!
You are too injured to fight recklessly!
You are too injured to fight recklessly!
You are too injured to fight recklessly!
You are too injured to fight recklessly!
You are too injured to fight recklessly!
You are too injured to fight recklessly!
You are too injured to fight recklessly!
You are too injured to fight recklessly!
You are too injured to fight recklessly!
You are too injured to fight recklessly!
You are too injured to fight recklessly!
You release your grip on the gnoll.
Found a fuming grey potion.
The gnoll attacks as it pursues you! The gnoll barely misses you. x2
The adder closely misses you. The gnoll attacks as it pursues you!
The gnoll hits you from afar with a +0 halberd!
Ouch! That really hurt!
You die...

..# ..#...#.
.#...#...#.. #
..#...#...#.
..#...#...#...#.
.#...#...#...#...#^
#..#!..#...#...#..#
#..#...#...#....#
#....#.@.#...>.#
..#ggS#.......##
#......#..........###
.......g.............
#.................#
##...###.###.....##
##.# #.####...## #.
#......#+## #
#######...##


You could see 3 gnolls and an adder.

Vanquished Creatures
  3 endoplasms (D:1)
  A giant cockroach (D:1)
  2 hobgoblins (D:1)
  3 kobolds (D:1)
  A quokka (D:2)
  A ball python (D:1)
  2 bats (D:1)
  A frilled lizard (D:1)
  2 rats (D:1)
  A butterfly (D:1)
17 creatures vanquished.

Notes
Turn   | Place    | Note
-------+----------+-------------------------------------------
     0 | D:1      | BeKind the Octopode Ice Elementalist began the quest for
                  | the Orb.
     0 | D:1      | Reached XP level 1. HP: 11/11 MP: 3/3
    75 | D:1      | Got Fetor's Guidebook on Conflagrant Dislocation
   232 | D:1      | Reached XP level 2. HP: 17/17 MP: 0/5
  1007 | D:2      | Slain by a gnoll

Illustrated notes

Levels and vault maps discovered:
D:1:      spicycebolla_arrival_clurvy, layout_basic
D:2:      layout_loops_corners, basic_altar, serial_bayou_pond_a,
          minmay_misc_feat_cross, minmay_misc_feat_roman, hex_large,
          minivault_19, kennysheep_cluttered_room, uniq_natasha

Skill      XL: |  1 |
---------------+----+-----
Stealth        | 3 |  3.0
Fighting       | |  0.3
Dodging        | |  2.3
Spellcasting   | |  2.2
Ice Magic      | |  4.1

Action                     || total
---------------------------++-------
  Melee: Unarmed           ||    10
         Constrict         ||     6
         Tentacles         ||     3
         Short sword       ||     9
   Cast: Freeze            ||    11
   Stab: Sleeping          ||     5
 Armour: Skin              ||    10
  Dodge: Dodged            ||    13

Table legend: (Time is in decaauts)
 A = Elapsed time spent in this place.
 B = Non-inter-level travel time spent in this place.
 C = Inter-level travel time spent in this place.
 D = Time resting spent in this place.
 E = Time spent auto-exploring this place.
 F = Levels seen in this place.
 G = Mean time per level.
                   A        B        C        D        E       F      G
               +--------+--------+--------+--------+--------+-----+--------+
         Total |   1006 |    806 |    200 |    107 |    549 |   2 |  503.0 |
       Dungeon |   1006 |    806 |    200 |    107 |    549 |   2 |  503.0 |
               +--------+--------+--------+--------+--------+-----+--------+

Top non-repeatable levels by time:
     D:1: 987 daAuts
     D:2: 18 daAuts
